Knights vs Sasquatch
Created - 9 décembre 2012 at 20:18
Goals
|
| Knights |
1 |
1 |
1 |
3 |
| Sasquatch |
1 |
2 |
1 |
4 |
|
Shots
|
| Knights |
10 |
11 |
19 |
40 |
| Sasquatch |
8 |
12 |
7 |
27 |
|
1st period
1. Sasquatch , Cody Franson 1 (Tomas Kurka, Andrew Cogliano) at 14:34
2. Knights , Troy Brouwer 6 (Jarret Stoll) at 18:02
Penalties :
Andrew Cogliano (Gat) for Goalie Interference (Minor) at 1:38, Clayton Stoner (Gat) for High sticking (Minor) at 10:29
2nd period
3. Sasquatch , Andrew Cogliano 5 (Tomas Kurka, Cody Franson) at 6:45
4. Sasquatch , Brian Lee 2 (Andreas Karlsson, Steve Bernier) at 12:52
5. Knights , Benn Ferriero 3 (Zbynek Michalek, Jack Skille) at 15:13
Penalties :
Brian Lee (Gat) for Holding (Minor) at 9:38, Linus Omark (Gat) for Interference (Minor) at 12:59, Zbynek Michalek (Lon) for Hooking (Minor) at 12:59, Jakub Voracek (Lon) for Hooking (Minor) at 17:02, Andreas Karlsson (Gat) for Roughing (Minor) at 19:42, Troy Brouwer (Lon) for Holding (Minor) at 19:42
3rd period
6. Sasquatch , Andrew Cogliano 6 (Steve Bernier) at 13:17 (PP)
7. Knights , Troy Brouwer 7 (Karlis Skrastins, Kyle Greentree) at 15:25 (PP)
Penalties :
Benn Ferriero (Lon) for Interference (Minor) at 6:53, Vladimir Orszagh (Lon) for Tripping (Minor) at 10:04, Garnet Exelby (Lon) for Cross-checking (Minor) at 13:13, Clayton Stoner (Gat) for Hooking (Minor) at 14:29
Goalie Stats
Michael Leighton (Lon), 23 saves from 27 shots - (0,852), L, 7-4-0, 59:15 minutes
Cory Schneider (Gat), 37 saves from 40 shots - (0,925), W, 9-1-1, 60:00 minutes
Players Stats for Knights
Player Name G A P +/- PIM S H SB GA TA FO MP PP MP PK MP
------------------------------------------------------------------------------------
Aaron Rome 0 0 0 -1 0 1 1 1 0 0 0/0 12:07 1:31 0:00
Benn Ferriero 1 0 1 1 2 1 3 2 0 0 12/23 17:34 2:56 1:20
Cody Almond 0 0 0 -2 0 0 2 0 0 0 1/6 10:15 0:00 0:00
Danny Irmen 0 0 0 0 0 0 0 0 0 0 3/6 9:35 0:00 1:24
Garnet Exelby 0 0 0 -1 2 0 2 0 1 2 0/0 26:57 3:07 3:43
Jack Skille 0 1 1 1 0 5 2 0 0 1 0/0 18:07 2:56 0:00
Jakub Voracek 0 0 0 -1 2 1 1 0 0 1 0/0 17:17 3:57 0:00
Jarret Stoll 0 1 1 0 0 1 3 0 0 0 15/28 20:51 3:57 1:06
Jesse Joensuu 0 0 0 0 0 0 0 0 1 1 0/0 7:41 0:00 0:00
Jonathan Tremblay 0 0 0 -2 0 5 2 0 0 0 0/0 11:18 0:00 0:51
Karlis Skrastins 0 1 1 0 0 2 3 2 1 1 0/0 31:42 3:47 3:03
Kyle Greentree 0 1 1 0 0 2 1 1 0 2 0/1 16:45 2:56 3:09
Lauri Korpikoski 0 0 0 -2 0 6 1 0 0 0 0/1 12:36 0:03 1:55
Nicklas Grossman 0 0 0 1 0 3 0 3 0 0 0/0 18:11 0:57 2:03
Scott Lehman 0 0 0 0 0 1 0 0 0 0 0/0 4:35 0:00 1:58
Troy Brouwer 2 0 2 0 2 6 1 0 2 0 0/0 17:53 3:54 0:06
Vladimir Orszagh 0 0 0 0 2 1 3 0 0 0 1/3 11:01 0:00 2:11
Zbynek Michalek 0 1 1 1 2 5 2 2 1 0 0/0 25:30 4:24 1:15
Players Stats for Sasquatch
Player Name G A P +/- PIM S H SB GA TA FO MP PP MP PK MP
------------------------------------------------------------------------------------
Aaron Voros 0 0 0 0 0 3 1 0 0 0 0/0 9:11 0:08 1:07
Andreas Karlsson 0 1 1 1 2 2 1 1 1 0 3/5 13:30 0:00 2:07
Andrew Cogliano 2 1 3 1 2 3 1 0 1 1 19/41 22:59 3:07 2:51
Brandon Yip 0 0 0 0 0 2 0 0 1 0 0/0 14:11 0:08 3:47
Brian Lee 1 0 1 0 2 3 1 0 0 1 0/0 28:06 2:51 2:39
Clayton Stoner 0 0 0 0 4 0 1 3 0 0 0/0 24:08 2:32 1:09
Cody Franson 1 1 2 2 0 3 2 2 1 2 0/0 26:01 3:20 3:05
Jiri Novotny 0 0 0 0 0 1 1 1 1 0 6/8 9:55 0:00 1:39
Kevin Marshall 0 0 0 0 0 0 0 1 0 0 0/0 13:28 0:00 3:44
Kevin Porter 0 0 0 -1 0 1 2 0 0 0 4/9 13:56 2:46 0:16
Konstantin Pushkarev 0 0 0 0 0 0 3 0 0 0 0/0 7:56 0:00 0:00
Linus Omark 0 0 0 -2 2 0 2 1 0 0 1/1 13:34 3:07 0:00
Mark Giordano 0 0 0 1 0 3 4 2 0 1 0/0 26:23 3:19 3:05
Mats Zuccarello 0 0 0 0 0 0 1 1 0 0 1/1 9:39 0:00 0:00
Matt Ellison 0 0 0 -1 0 1 2 0 1 0 0/0 13:40 2:46 0:00
Ryan Wilson 0 0 0 0 0 0 0 0 0 0 0/0 3:07 0:00 0:04
Steve Bernier 0 2 2 2 0 1 4 0 2 1 2/3 23:14 3:15 1:59
Tomas Kurka 0 2 2 2 0 4 2 0 0 0 0/0 16:05 2:46 0:00
3 Stars
1 - Andrew Cogliano (Gat)
2 - Cody Franson (Gat)
3 - Steve Bernier (Gat)
Power Play
Knights - 1 on 4 Attempt(s) - 25,00%
Sasquatch - 1 on 4 Attempt(s) - 25,00%
Penalty Kill
Knights - 3 on 4 Attempt(s) - 75,00%
- Score 0 goal in Penalty Kill
Sasquatch - 3 on 4 Attempt(s) - 75,00%
- Score 0 goal in Penalty Kill
Official
Referees : O'Halloran Dan and McCreary Bill
Linesman : Brian Mach and Scott Cherrey
Game Notes
Ryan Wilson is injured at 13:14 of 1st period (Back)
Aaron Rome is injured at 4:31 of 2nd period (Left Hip)
Knights
5 vs 5 Forward
Center Left Wing Right Wing Time % Phy DF OF
1 Jarret Stoll Troy Brouwer Jack Skille 36 1 2 2
2 Benn Ferriero Kyle Greentree Jakub Voracek 34 1 2 2
3 Danny Irmen Jesse Joensuu Vladimir Orszagh 20 1 2 2
4 Cody Almond Lauri Korpikoski Jonathan Tremblay 10 1 2 2
5 vs 5 Defense
Defense Defense Time % Phy DF OF
1 Karlis Skrastins Zbynek Michalek 36 1 2 2
2 Aaron Rome Garnet Exelby 34 1 2 2
3 Aaron Rome Nicklas Grossman 20 1 3 1
4 Karlis Skrastins Garnet Exelby 10 1 3 1
PowerPlay Forward
Center Left Wing Right Wing Time % Phy DF OF
1 Jarret Stoll Troy Brouwer Jakub Voracek 60 0 0 5
2 Benn Ferriero Kyle Greentree Jack Skille 40 0 0 5
PowerPlay Defense
Defense Defense Time % Phy DF OF
1 Karlis Skrastins Zbynek Michalek 60 0 1 4
2 Aaron Rome Garnet Exelby 40 0 1 4
Penalty Kill 4 Players Forward
Center Wing Time % Phy DF OF
1 Vladimir Orszagh Kyle Greentree 60 0 4 1
2 Jarret Stoll Jonathan Tremblay 40 0 4 1
Penalty Kill 4 Players Defense
Defense Defense Time % Phy DF OF
1 Aaron Rome Karlis Skrastins 60 1 4 0
2 Zbynek Michalek Garnet Exelby 40 1 4 0
Penalty Kill - 3 Players Forward
Forward Time % Phy DF OF
1 Vladimir Orszagh 60 0 5 0
2 Kyle Greentree 40 0 5 0
Penalty Kill - 3 Players Defense
Defense Defense Time % Phy DF OF
1 Aaron Rome Karlis Skrastins 60 0 5 0
2 Zbynek Michalek Garnet Exelby 40 0 5 0
4 vs 4 Forward
Center Wing Time % Phy DF OF
1 Jarret Stoll Jakub Voracek 50 1 2 2
2 Benn Ferriero Jack Skille 50 1 2 2
4 vs 4 Defense
Defense Defense Time % Phy DF OF
1 Zbynek Michalek Karlis Skrastins 60 1 2 2
2 Aaron Rome Garnet Exelby 40 1 2 2
Last Minutes Offensive
Center Left Wing Right Wing Defense Defense
Jarret Stoll Troy Brouwer Jack Skille Karlis Skrastins Zbynek Michalek
Last Minutes Defensive
Center Left Wing Right Wing Defense Defense
Jarret Stoll Kyle Greentree Vladimir Orszagh Karlis Skrastins Zbynek Michalek
Goaltenders
Starting : Michael Leighton
Backup : Dany Sabourin
Extra Forwards
Normal : Jack Skille, Jakub Voracek, Benn Ferriero - PP : Jack Skille, Troy Brouwer - PK : Benn Ferriero
Extra Defensemen
Normal : Karlis Skrastins, Zbynek Michalek, Garnet Exelby - PP : Zbynek Michalek - PK : Garnet Exelby, Karlis Skrastins
Penalty Shots
Jack Skille, Kyle Greentree, Vladimir Orszagh, Jarret Stoll, Zbynek Michalek
Sasquatch
5 vs 5 Forward
Center Left Wing Right Wing Time % Phy DF OF
1 Andrew Cogliano Tomas Kurka Steve Bernier 40 1 2 2
2 Kevin Porter Linus Omark Matt Ellison 30 1 2 2
3 Andreas Karlsson Mats Zuccarello Brandon Yip 20 1 2 2
4 Jiri Novotny Aaron Voros Konstantin Pushkarev 10 1 2 2
5 vs 5 Defense
Defense Defense Time % Phy DF OF
1 Brian Lee Mark Giordano 40 1 2 2
2 Ryan Wilson Cody Franson 30 1 2 2
3 Clayton Stoner Kevin Marshall 20 1 2 2
4 Brian Lee Cody Franson 10 1 2 2
PowerPlay Forward
Center Left Wing Right Wing Time % Phy DF OF
1 Andrew Cogliano Linus Omark Steve Bernier 60 1 2 2
2 Kevin Porter Tomas Kurka Matt Ellison 40 1 2 2
PowerPlay Defense
Defense Defense Time % Phy DF OF
1 Mark Giordano Cody Franson 60 1 2 2
2 Ryan Wilson Brian Lee 40 1 2 2
Penalty Kill 4 Players Forward
Center Wing Time % Phy DF OF
1 Andrew Cogliano Brandon Yip 60 1 2 2
2 Andreas Karlsson Steve Bernier 40 1 2 2
Penalty Kill 4 Players Defense
Defense Defense Time % Phy DF OF
1 Brian Lee Kevin Marshall 60 1 2 2
2 Mark Giordano Cody Franson 40 1 2 2
Penalty Kill - 3 Players Forward
Forward Time % Phy DF OF
1 Andrew Cogliano 60 1 2 2
2 Andreas Karlsson 40 1 2 2
Penalty Kill - 3 Players Defense
Defense Defense Time % Phy DF OF
1 Cody Franson Kevin Marshall 60 1 2 2
2 Mark Giordano Brian Lee 40 1 2 2
4 vs 4 Forward
Center Wing Time % Phy DF OF
1 Andrew Cogliano Steve Bernier 60 1 2 2
2 Kevin Porter Matt Ellison 40 1 2 2
4 vs 4 Defense
Defense Defense Time % Phy DF OF
1 Brian Lee Ryan Wilson 60 1 2 2
2 Mark Giordano Cody Franson 40 1 2 2
Last Minutes Offensive
Center Left Wing Right Wing Defense Defense
Andrew Cogliano Tomas Kurka Steve Bernier Cody Franson Brian Lee
Last Minutes Defensive
Center Left Wing Right Wing Defense Defense
Andrew Cogliano Linus Omark Steve Bernier Mark Giordano Brian Lee
Goaltenders
Starting : Cory Schneider
Backup : Curtis Sanford
Extra Forwards
Normal : Brandon Yip, Kevin Porter, Jiri Novotny - PP : Brandon Yip, Kevin Porter - PK : Jiri Novotny
Extra Defensemen
Normal : Ryan Wilson, Clayton Stoner, Mark Giordano - PP : Cody Franson - PK : Ryan Wilson, Kevin Marshall
Penalty Shots
Andrew Cogliano, Linus Omark, Andreas Karlsson, Jiri Novotny, Mats Zuccarello
% Time on Ice - Knights
Lines # - Real PCT - Wanted PCT - Time Play
Normal Forward
1 - 33% - 36% - 13:53
2 - 25% - 34% - 10:53
3 - 18% - 20% - 7:41
4 - 24% - 10% - 10:15
Normal Defense
1 - 30% - 36% - 12:39
2 - 38% - 34% - 16:07
3 - 27% - 20% - 11:31
4 - 6% - 10% - 2:25
PP Forward
1 - 57% - 60% - 3:57
2 - 43% - 40% - 2:56
PP Defense
1 - 55% - 60% - 3:46
2 - 45% - 40% - 3:07
PK Forward
1 - 86% - 60% - 5:10
2 - 14% - 40% - 0:51
PK Defense
1 - 83% - 60% - 5:01
2 - 17% - 40% - 1:00
PK3 Forward
1 - 0% - 60%
2 - 0% - 40%
PK3 Defense
1 - 0% - 60%
2 - 0% - 40%
44 Forward
1 - 48% - 50% - 1:55
2 - 52% - 50% - 2:03
44 Defense
1 - 77% - 60% - 3:03
2 - 23% - 40% - 0:55
Last Minute Offensive - 0:26
Last Minute Defensive - 0:00
Total
Forward - 60:00
Defense - 60:00
|
% Time on Ice - Sasquatch
Lines # - Real PCT - Wanted PCT - Time Play
Normal Forward
1 - 32% - 40% - 13:46
2 - 27% - 30% - 11:21
3 - 23% - 20% - 9:39
4 - 19% - 10% - 7:56
Normal Defense
1 - 36% - 40% - 15:35
2 - 37% - 30% - 15:52
3 - 22% - 20% - 9:27
4 - 4% - 10% - 1:48
PP Forward
1 - 54% - 60% - 3:15
2 - 46% - 40% - 2:46
PP Defense
1 - 51% - 60% - 3:05
2 - 49% - 40% - 2:56
PK Forward
1 - 71% - 60% - 4:54
2 - 29% - 40% - 1:59
PK Defense
1 - 57% - 60% - 3:54
2 - 43% - 40% - 2:59
PK3 Forward
1 - 0% - 60%
2 - 0% - 40%
PK3 Defense
1 - 0% - 60%
2 - 0% - 40%
44 Forward
1 - 80% - 60% - 3:10
2 - 20% - 40% - 0:48
44 Defense
1 - 66% - 60% - 2:37
2 - 34% - 40% - 1:21
Last Minute Offensive - 0:00
Last Minute Defensive - 0:26
Total
Forward - 60:00
Defense - 60:00
|
Play by Play
1st period
0:01 of 1st period - Jarret Stoll wins face-off versus Andrew Cogliano in neutral zone.
0:09 of 1st period - Wrist shot by Andrew Cogliano.
0:09 of 1st period - Shot Misses the Net.
0:45 of 1st period - Off-side.
0:46 of 1st period - Jiri Novotny wins face-off versus Danny Irmen in neutral zone.
1:18 of 1st period - Andreas Karlsson is hit by Cody Almond.
1:34 of 1st period - Steve Bernier is hit by Aaron Rome and loses puck.
1:38 of 1st period - Minor Penalty to Andrew Cogliano for Goalie Interference.
1:39 of 1st period - Jarret Stoll wins face-off versus Jiri Novotny in Sasquatch zone.
1:52 of 1st period - Snap shot by Troy Brouwer.
1:52 of 1st period - Shot Blocked by Kevin Marshall.
3:38 of 1st period - Penalty to Andrew Cogliano is over, Andrew Cogliano is back on ice.
3:51 of 1st period - Slapshot by Karlis Skrastins.
3:51 of 1st period - Shot Misses the Net.
3:53 of 1st period - Snap shot by Scott Lehman.
3:53 of 1st period - Deflect By Brandon Yip.
3:53 of 1st period - Stopped by Cory Schneider without a rebound.
3:54 of 1st period - Kevin Porter wins face-off versus Cody Almond in Sasquatch zone.
5:00 of 1st period - Garnet Exelby is hit by Mark Giordano and loses puck.
5:11 of 1st period - Wrist shot by Andreas Karlsson.
5:11 of 1st period - Stopped by Michael Leighton with a rebound.
5:28 of 1st period - Aaron Rome is hit by Steve Bernier and loses puck.
5:45 of 1st period - Zbynek Michalek is hit by Brian Lee and loses puck.
6:33 of 1st period - Linus Omark is hit by Zbynek Michalek and loses puck.
7:11 of 1st period - Off-side.
7:12 of 1st period - Mats Zuccarello wins face-off versus Danny Irmen in neutral zone.
7:15 of 1st period - Wrist shot by Brandon Yip.
7:15 of 1st period - Shot Blocked by Karlis Skrastins.
7:18 of 1st period - Icing by Karlis Skrastins.
7:19 of 1st period - Danny Irmen wins face-off versus Steve Bernier in Knights zone.
8:04 of 1st period - Wrist shot by Matt Ellison.
8:04 of 1st period - Stopped by Michael Leighton with a rebound.
8:06 of 1st period - Wrist shot by Kevin Porter.
8:06 of 1st period - Stopped by Michael Leighton with a rebound.
8:08 of 1st period - Backhand shot by Brian Lee.
8:08 of 1st period - Shot Misses the Net.
8:10 of 1st period - Slapshot by Brian Lee.
8:10 of 1st period - Shot Misses the Net.
8:34 of 1st period - Slapshot by Tomas Kurka.
8:34 of 1st period - Stopped by Michael Leighton with a rebound.
8:47 of 1st period - Icing by Aaron Rome.
8:48 of 1st period - Jiri Novotny wins face-off versus Cody Almond in Knights zone.
8:57 of 1st period - Wrist shot by Aaron Voros.
8:57 of 1st period - Shot Misses the Net.
9:03 of 1st period - Slapshot by Aaron Rome.
9:03 of 1st period - Deflect By Jonathan Tremblay.
9:03 of 1st period - Stopped by Cory Schneider with a rebound.
9:05 of 1st period - Slapshot by Aaron Rome.
9:05 of 1st period - Stopped by Cory Schneider without a rebound.
9:06 of 1st period - Steve Bernier wins face-off versus Jarret Stoll in Sasquatch zone.
9:32 of 1st period - Karlis Skrastins is hit by Cody Franson and loses puck.
9:39 of 1st period - Snap shot by Jakub Voracek.
9:39 of 1st period - Stopped by Cory Schneider without a rebound.
9:40 of 1st period - Linus Omark wins face-off versus Benn Ferriero in Sasquatch zone.
10:05 of 1st period - Andrew Cogliano is hit by Troy Brouwer and loses puck.
10:29 of 1st period - Minor Penalty to Clayton Stoner for High sticking.
10:30 of 1st period - Jarret Stoll wins face-off versus Andrew Cogliano in Sasquatch zone.
10:33 of 1st period - Wrist shot by Troy Brouwer.
10:33 of 1st period - Shot Misses the Net.
11:07 of 1st period - Cody Franson is hit by Karlis Skrastins and loses puck.
12:29 of 1st period - Penalty to Clayton Stoner is over, Clayton Stoner is back on ice.
12:51 of 1st period - Kevin Porter is hit by Vladimir Orszagh and loses puck.
13:04 of 1st period - Jonathan Tremblay is hit by Aaron Voros and loses puck.
13:13 of 1st period - Ryan Wilson is hit by Cody Almond and loses puck.
13:14 of 1st period - Ryan Wilson from Sasquatch is injured at 13:14 of 1st period (Back).
13:15 of 1st period - Benn Ferriero wins face-off versus Andrew Cogliano in Sasquatch zone.
13:47 of 1st period - Slapshot by Brandon Yip.
13:47 of 1st period - Shot Misses the Net.
14:09 of 1st period - Slapshot by Vladimir Orszagh.
14:09 of 1st period - Shot Blocked by Cody Franson.
14:11 of 1st period - Snap shot by Zbynek Michalek.
14:11 of 1st period - Deflect By Vladimir Orszagh.
14:11 of 1st period - Shot Misses the Net.
14:11 of 1st period - Puck is out of play.
14:12 of 1st period - Benn Ferriero wins face-off versus Andrew Cogliano in Sasquatch zone.
14:22 of 1st period - Icing by Cody Franson.
14:23 of 1st period - Andrew Cogliano wins face-off versus Jarret Stoll in Sasquatch zone.
14:28 of 1st period - Slapshot by Tomas Kurka.
14:28 of 1st period - Stopped by Michael Leighton with a rebound.
14:30 of 1st period - Slapshot by Cody Franson.
14:30 of 1st period - Shot Misses the Net.
14:32 of 1st period - Slapshot by Cody Franson.
14:32 of 1st period - Stopped by Michael Leighton with a rebound.
14:34 of 1st period - Slapshot by Cody Franson.
14:34 of 1st period - Goal by Cody Franson - Knights : 0 - Sasquatch : 1.
14:35 of 1st period - Andrew Cogliano wins face-off versus Benn Ferriero in neutral zone.
15:01 of 1st period - Troy Brouwer is hit by Kevin Porter and loses puck.
15:44 of 1st period - Wrist shot by Tomas Kurka.
15:44 of 1st period - Shot Misses the Net.
16:07 of 1st period - Wrist shot by Jakub Voracek.
16:07 of 1st period - Shot Hit the Post.
16:11 of 1st period - Snap shot by Kyle Greentree.
16:11 of 1st period - Stopped by Cory Schneider without a rebound.
16:12 of 1st period - Jarret Stoll wins face-off versus Andrew Cogliano in Sasquatch zone.
16:23 of 1st period - Wrist shot by Jack Skille.
16:23 of 1st period - Stopped by Cory Schneider without a rebound.
16:24 of 1st period - Benn Ferriero wins face-off versus Andrew Cogliano in Sasquatch zone.
16:35 of 1st period - Mark Giordano is hit by Benn Ferriero and loses puck.
17:19 of 1st period - Wrist shot by Brandon Yip.
17:19 of 1st period - Stopped by Michael Leighton without a rebound.
17:20 of 1st period - Benn Ferriero wins face-off versus Andrew Cogliano in Knights zone.
17:27 of 1st period - Wrist shot by Kyle Greentree.
17:27 of 1st period - Stopped by Cory Schneider without a rebound.
17:28 of 1st period - Benn Ferriero wins face-off versus Andrew Cogliano in Sasquatch zone.
18:02 of 1st period - Slapshot by Troy Brouwer.
18:02 of 1st period - Goal by Troy Brouwer - Knights : 1 - Sasquatch : 1.
18:03 of 1st period - Jarret Stoll wins face-off versus Andrew Cogliano in neutral zone.
18:06 of 1st period - Wrist shot by Troy Brouwer.
18:06 of 1st period - Stopped by Cory Schneider with a rebound.
18:28 of 1st period - Jakub Voracek is hit by Kevin Porter and loses puck.
18:55 of 1st period - Slapshot by Andreas Karlsson.
18:55 of 1st period - Shot Blocked by Zbynek Michalek.
19:05 of 1st period - Slapshot by Karlis Skrastins.
19:05 of 1st period - Shot Misses the Net.
19:07 of 1st period - Slapshot by Zbynek Michalek.
19:07 of 1st period - Shot Misses the Net.
19:11 of 1st period - Snap shot by Karlis Skrastins.
19:11 of 1st period - Deflect By Jiri Novotny.
19:11 of 1st period - Stopped by Cory Schneider without a rebound.
19:12 of 1st period - Andrew Cogliano wins face-off versus Cody Almond in Sasquatch zone.
19:12 of 1st period - Andrew Cogliano is hit by Jonathan Tremblay.
19:18 of 1st period - Nicklas Grossman is hit by Andrew Cogliano and loses puck.
19:33 of 1st period - Aaron Rome is hit by Steve Bernier and loses puck.
19:46 of 1st period - Snap shot by Jarret Stoll.
19:46 of 1st period - Shot Blocked by Linus Omark.
2nd period
0:01 of 2nd period - Andrew Cogliano wins face-off versus Kyle Greentree in neutral zone.
0:26 of 2nd period - Garnet Exelby is hit by Andreas Karlsson and loses puck.
1:13 of 2nd period - Snap shot by Vladimir Orszagh.
1:13 of 2nd period - Stopped by Cory Schneider with a rebound.
1:29 of 2nd period - Andrew Cogliano is hit by Karlis Skrastins and loses puck.
1:48 of 2nd period - Troy Brouwer is hit by Mats Zuccarello and loses puck.
2:05 of 2nd period - Nicklas Grossman is hit by Cody Franson.
2:21 of 2nd period - Aaron Rome is hit by Konstantin Pushkarev and loses puck.
2:40 of 2nd period - Snap shot by Tomas Kurka.
2:40 of 2nd period - Stopped by Michael Leighton without a rebound.
2:41 of 2nd period - Jarret Stoll wins face-off versus Andrew Cogliano in Knights zone.
3:13 of 2nd period - Off-side.
3:14 of 2nd period - Danny Irmen wins face-off versus Kevin Porter in neutral zone.
4:01 of 2nd period - Clayton Stoner is hit by Jonathan Tremblay and loses puck.
4:18 of 2nd period - Wrist shot by Mats Zuccarello.
4:18 of 2nd period - Shot Blocked by Aaron Rome.
4:30 of 2nd period - Aaron Rome is hit by Steve Bernier and loses puck.
4:31 of 2nd period - Aaron Rome from Knights is injured at 4:31 of 2nd period (Left Hip).
4:32 of 2nd period - Jarret Stoll wins face-off versus Andrew Cogliano in Knights zone.
4:45 of 2nd period - Snap shot by Jack Skille.
4:45 of 2nd period - Shot Blocked by Mark Giordano.
4:47 of 2nd period - Snap shot by Jack Skille.
4:47 of 2nd period - Stopped by Cory Schneider without a rebound.
4:48 of 2nd period - Kevin Porter wins face-off versus Benn Ferriero in Sasquatch zone.
5:29 of 2nd period - Icing by Karlis Skrastins.
5:30 of 2nd period - Jarret Stoll wins face-off versus Andreas Karlsson in Knights zone.
5:47 of 2nd period - Snap shot by Jarret Stoll.
5:47 of 2nd period - Shot Blocked by Mats Zuccarello.
5:55 of 2nd period - Snap shot by Jarret Stoll.
5:55 of 2nd period - Shot Misses the Net.
5:57 of 2nd period - Snap shot by Jarret Stoll.
5:57 of 2nd period - Shot Blocked by Clayton Stoner.
5:59 of 2nd period - Snap shot by Jack Skille.
5:59 of 2nd period - Stopped by Cory Schneider without a rebound.
6:00 of 2nd period - Benn Ferriero wins face-off versus Andrew Cogliano in Sasquatch zone.
6:11 of 2nd period - Snap shot by Tomas Kurka.
6:11 of 2nd period - Deflect By Jakub Voracek.
6:11 of 2nd period - Stopped by Michael Leighton with a rebound.
6:45 of 2nd period - Snap shot by Andrew Cogliano.
6:45 of 2nd period - Goal by Andrew Cogliano - Knights : 1 - Sasquatch : 2.
6:46 of 2nd period - Kevin Porter wins face-off versus Benn Ferriero in neutral zone.
7:57 of 2nd period - Wrist shot by Jonathan Tremblay.
7:57 of 2nd period - Stopped by Cory Schneider with a rebound.
7:59 of 2nd period - Snap shot by Lauri Korpikoski.
7:59 of 2nd period - Shot Blocked by Cody Franson.
8:01 of 2nd period - Wrist shot by Jonathan Tremblay.
8:01 of 2nd period - Stopped by Cory Schneider with a rebound.
8:03 of 2nd period - Slapshot by Zbynek Michalek.
8:03 of 2nd period - Stopped by Cory Schneider without a rebound.
8:04 of 2nd period - Benn Ferriero wins face-off versus Andrew Cogliano in Sasquatch zone.
8:09 of 2nd period - Snap shot by Jakub Voracek.
8:09 of 2nd period - Shot Misses the Net.
8:38 of 2nd period - Wrist shot by Andreas Karlsson.
8:38 of 2nd period - Stopped by Michael Leighton without a rebound.
8:39 of 2nd period - Jarret Stoll wins face-off versus Andrew Cogliano in Knights zone.
8:56 of 2nd period - Icing by Tomas Kurka.
8:57 of 2nd period - Andrew Cogliano wins face-off versus Benn Ferriero in Sasquatch zone.
9:02 of 2nd period - Slapshot by Brian Lee.
9:02 of 2nd period - Stopped by Michael Leighton without a rebound.
9:03 of 2nd period - Benn Ferriero wins face-off versus Kevin Porter in Knights zone.
9:38 of 2nd period - Minor Penalty to Brian Lee for Holding.
9:39 of 2nd period - Andrew Cogliano wins face-off versus Jarret Stoll in Sasquatch zone.
10:15 of 2nd period - Mark Giordano is hit by Kyle Greentree and loses puck.
10:58 of 2nd period - Aaron Voros is hit by Garnet Exelby and loses puck.
11:38 of 2nd period - Penalty to Brian Lee is over, Brian Lee is back on ice.
11:45 of 2nd period - Wrist shot by Jesse Joensuu.
11:45 of 2nd period - Shot Misses the Net.
11:47 of 2nd period - Snap shot by Danny Irmen.
11:47 of 2nd period - Shot Blocked by Andreas Karlsson.
12:09 of 2nd period - Mark Giordano is hit by Vladimir Orszagh and loses puck.
12:22 of 2nd period - Snap shot by Brian Lee.
12:22 of 2nd period - Stopped by Michael Leighton with a rebound.
12:50 of 2nd period - Snap shot by Andreas Karlsson.
12:50 of 2nd period - Shot Misses the Net.
12:52 of 2nd period - Wrist shot by Brian Lee.
12:52 of 2nd period - Deflect By Jakub Voracek.
12:52 of 2nd period - Goal by Brian Lee - Knights : 1 - Sasquatch : 3.
12:53 of 2nd period - Jarret Stoll wins face-off versus Kevin Porter in neutral zone.
12:55 of 2nd period - Off-side.
12:56 of 2nd period - Kevin Porter wins face-off versus Jarret Stoll in neutral zone.
12:59 of 2nd period - Minor Penalty to Linus Omark for Interference.
12:59 of 2nd period - Minor Penalty to Zbynek Michalek for Hooking.
13:00 of 2nd period - Jarret Stoll wins face-off versus Andrew Cogliano in Knights zone.
13:00 of 2nd period - Jarret Stoll is hit by Steve Bernier.
13:16 of 2nd period - Wrist shot by Jarret Stoll.
13:16 of 2nd period - Stopped by Cory Schneider with a rebound.
13:26 of 2nd period - Clayton Stoner is hit by Benn Ferriero and loses puck.
13:41 of 2nd period - Backhand shot by Andrew Cogliano.
13:41 of 2nd period - Shot Blocked by Benn Ferriero.
13:43 of 2nd period - Slapshot by Andrew Cogliano.
13:43 of 2nd period - Stopped by Michael Leighton without a rebound.
13:44 of 2nd period - Andrew Cogliano wins face-off versus Jarret Stoll in Knights zone.
13:53 of 2nd period - Andrew Cogliano is hit by Jarret Stoll and loses puck.
14:08 of 2nd period - Clayton Stoner is hit by Karlis Skrastins.
14:18 of 2nd period - Matt Ellison is hit by Jack Skille and loses puck.
14:29 of 2nd period - Slapshot by Jiri Novotny.
14:29 of 2nd period - Shot Misses the Net.
14:31 of 2nd period - Snap shot by Mark Giordano.
14:31 of 2nd period - Stopped by Michael Leighton without a rebound.
14:32 of 2nd period - Jarret Stoll wins face-off versus Jiri Novotny in Knights zone.
14:51 of 2nd period - Wrist shot by Jack Skille.
14:51 of 2nd period - Stopped by Cory Schneider with a rebound.
14:59 of 2nd period - Penalty to Linus Omark is over, Linus Omark is back on ice.
14:59 of 2nd period - Penalty to Zbynek Michalek is over, Zbynek Michalek is back on ice.
15:11 of 2nd period - Snap shot by Zbynek Michalek.
15:11 of 2nd period - Stopped by Cory Schneider with a rebound.
15:13 of 2nd period - Wrist shot by Benn Ferriero.
15:13 of 2nd period - Goal by Benn Ferriero - Knights : 2 - Sasquatch : 3.
15:14 of 2nd period - Jarret Stoll wins face-off versus Kevin Porter in neutral zone.
16:19 of 2nd period - Off-side.
16:20 of 2nd period - Jiri Novotny wins face-off versus Lauri Korpikoski in neutral zone.
16:27 of 2nd period - Wrist shot by Aaron Voros.
16:27 of 2nd period - Stopped by Michael Leighton without a rebound.
16:28 of 2nd period - Jiri Novotny wins face-off versus Jarret Stoll in Knights zone.
16:33 of 2nd period - Snap shot by Jiri Novotny.
16:33 of 2nd period - Deflect By Aaron Voros.
16:33 of 2nd period - Shot Misses the Net.
16:33 of 2nd period - Puck is out of play.
16:34 of 2nd period - Andrew Cogliano wins face-off versus Jarret Stoll in Knights zone.
17:00 of 2nd period - Garnet Exelby is hit by Linus Omark and loses puck.
17:02 of 2nd period - Minor Penalty to Jakub Voracek for Hooking.
17:03 of 2nd period - Vladimir Orszagh wins face-off versus Andrew Cogliano in Knights zone.
17:41 of 2nd period - Slapshot by Mark Giordano.
17:41 of 2nd period - Stopped by Michael Leighton with a rebound.
17:43 of 2nd period - Slapshot by Mark Giordano.
17:43 of 2nd period - Deflect By Matt Ellison.
17:43 of 2nd period - Shot Blocked by Benn Ferriero.
17:43 of 2nd period - Puck is out of play.
17:44 of 2nd period - Benn Ferriero wins face-off versus Kevin Porter in Knights zone.
19:02 of 2nd period - Penalty to Jakub Voracek is over, Jakub Voracek is back on ice.
19:10 of 2nd period - Snap shot by Troy Brouwer.
19:10 of 2nd period - Stopped by Cory Schneider without a rebound.
19:11 of 2nd period - Andreas Karlsson wins face-off versus Jarret Stoll in Sasquatch zone.
19:41 of 2nd period - Snap shot by Mats Zuccarello.
19:41 of 2nd period - Shot Blocked by Nicklas Grossman.
19:42 of 2nd period - Minor Penalty to Andreas Karlsson for Roughing.
19:42 of 2nd period - Minor Penalty to Troy Brouwer for Holding.
19:43 of 2nd period - Benn Ferriero wins face-off versus Andrew Cogliano in Knights zone.
19:48 of 2nd period - Brian Lee is hit by Jack Skille and loses puck.
19:57 of 2nd period - Slapshot by Steve Bernier.
19:57 of 2nd period - Stopped by Michael Leighton without a rebound.
19:58 of 2nd period - Andrew Cogliano wins face-off versus Jarret Stoll in Knights zone.
3rd period
0:01 of 3rd period - Andrew Cogliano wins face-off versus Jarret Stoll in neutral zone.
0:10 of 3rd period - Wrist shot by Brian Lee.
0:10 of 3rd period - Deflect By Andrew Cogliano.
0:10 of 3rd period - Shot Blocked by Karlis Skrastins.
0:10 of 3rd period - Puck is out of play.
0:11 of 3rd period - Steve Bernier wins face-off versus Benn Ferriero in Knights zone.
0:49 of 3rd period - Matt Ellison is hit by Jakub Voracek.
0:58 of 3rd period - Off-side.
0:59 of 3rd period - Andrew Cogliano wins face-off versus Benn Ferriero in neutral zone.
1:02 of 3rd period - Slapshot by Cody Franson.
1:02 of 3rd period - Stopped by Michael Leighton with a rebound.
1:22 of 3rd period - Steve Bernier is hit by Garnet Exelby and loses puck.
1:42 of 3rd period - Penalty to Andreas Karlsson is over, Andreas Karlsson is back on ice.
1:42 of 3rd period - Penalty to Troy Brouwer is over, Troy Brouwer is back on ice.
1:49 of 3rd period - Wrist shot by Jonathan Tremblay.
1:49 of 3rd period - Stopped by Cory Schneider with a rebound.
1:51 of 3rd period - Snap shot by Lauri Korpikoski.
1:51 of 3rd period - Stopped by Cory Schneider with a rebound.
1:55 of 3rd period - Snap shot by Lauri Korpikoski.
1:55 of 3rd period - Stopped by Cory Schneider without a rebound.
1:56 of 3rd period - Cody Almond wins face-off versus Andreas Karlsson in Sasquatch zone.
2:21 of 3rd period - Nicklas Grossman is hit by Konstantin Pushkarev and loses puck.
2:32 of 3rd period - Wrist shot by Jonathan Tremblay.
2:32 of 3rd period - Deflect By Aaron Voros.
2:32 of 3rd period - Stopped by Cory Schneider with a rebound.
2:34 of 3rd period - Slapshot by Zbynek Michalek.
2:34 of 3rd period - Stopped by Cory Schneider with a rebound.
2:36 of 3rd period - Snap shot by Cody Almond.
2:36 of 3rd period - Deflect By Lauri Korpikoski.
2:36 of 3rd period - Stopped by Cory Schneider with a rebound.
2:38 of 3rd period - Wrist shot by Garnet Exelby.
2:38 of 3rd period - Shot Misses the Net.
2:40 of 3rd period - Slapshot by Lauri Korpikoski.
2:40 of 3rd period - Shot Misses the Net.
2:42 of 3rd period - Wrist shot by Jonathan Tremblay.
2:42 of 3rd period - Shot Misses the Net.
2:44 of 3rd period - Slapshot by Garnet Exelby.
2:44 of 3rd period - Shot Misses the Net.
2:46 of 3rd period - Snap shot by Lauri Korpikoski.
2:46 of 3rd period - Stopped by Cory Schneider without a rebound.
2:47 of 3rd period - Benn Ferriero wins face-off versus Andrew Cogliano in Sasquatch zone.
3:43 of 3rd period - Snap shot by Brandon Yip.
3:43 of 3rd period - Stopped by Michael Leighton without a rebound.
3:44 of 3rd period - Andrew Cogliano wins face-off versus Benn Ferriero in Knights zone.
4:54 of 3rd period - Slapshot by Karlis Skrastins.
4:54 of 3rd period - Shot Misses the Net.
5:10 of 3rd period - Jakub Voracek is hit by Tomas Kurka and loses puck.
5:17 of 3rd period - Andrew Cogliano is hit by Benn Ferriero and loses puck.
5:30 of 3rd period - Kevin Marshall is hit by Jarret Stoll and loses puck.
5:37 of 3rd period - Jack Skille is hit by Matt Ellison and loses puck.
5:50 of 3rd period - Slapshot by Karlis Skrastins.
5:50 of 3rd period - Stopped by Cory Schneider with a rebound.
6:53 of 3rd period - Minor Penalty to Benn Ferriero for Interference.
6:54 of 3rd period - Andrew Cogliano wins face-off versus Vladimir Orszagh in Knights zone.
7:05 of 3rd period - Garnet Exelby is hit by Mark Giordano and loses puck.
7:28 of 3rd period - Vladimir Orszagh is hit by Clayton Stoner and loses puck.
8:53 of 3rd period - Penalty to Benn Ferriero is over, Benn Ferriero is back on ice.
8:57 of 3rd period - Snap shot by Benn Ferriero.
8:57 of 3rd period - Shot Misses the Net.
9:07 of 3rd period - Wrist shot by Lauri Korpikoski.
9:07 of 3rd period - Shot Misses the Net.
9:47 of 3rd period - Jiri Novotny is hit by Lauri Korpikoski and loses puck.
9:54 of 3rd period - Jonathan Tremblay is hit by Jiri Novotny and loses puck.
10:04 of 3rd period - Minor Penalty to Vladimir Orszagh for Tripping.
10:05 of 3rd period - Benn Ferriero wins face-off versus Andrew Cogliano in Knights zone.
10:31 of 3rd period - Garnet Exelby is hit by Tomas Kurka and loses puck.
11:52 of 3rd period - Danny Irmen is hit by Mark Giordano and loses puck.
12:04 of 3rd period - Penalty to Vladimir Orszagh is over, Vladimir Orszagh is back on ice.
12:17 of 3rd period - Jarret Stoll is hit by Konstantin Pushkarev and loses puck.
13:00 of 3rd period - Slapshot by Mark Giordano.
13:00 of 3rd period - Deflect By Jarret Stoll.
13:00 of 3rd period - Stopped by Michael Leighton without a rebound.
13:01 of 3rd period - Andreas Karlsson wins face-off versus Benn Ferriero in Knights zone.
13:13 of 3rd period - Minor Penalty to Garnet Exelby for Cross-checking.
13:14 of 3rd period - Andrew Cogliano wins face-off versus Vladimir Orszagh in Knights zone.
13:17 of 3rd period - Wrist shot by Andrew Cogliano.
13:17 of 3rd period - Goal by Andrew Cogliano - Knights : 2 - Sasquatch : 4.
13:18 of 3rd period - Andrew Cogliano wins face-off versus Benn Ferriero in neutral zone.
13:23 of 3rd period - Snap shot by Tomas Kurka.
13:23 of 3rd period - Shot Blocked by Kyle Greentree.
13:45 of 3rd period - Jarret Stoll is hit by Linus Omark and loses puck.
14:29 of 3rd period - Minor Penalty to Clayton Stoner for Hooking.
14:30 of 3rd period - Andrew Cogliano wins face-off versus Jarret Stoll in Sasquatch zone.
14:30 of 3rd period - Andrew Cogliano is hit by Jarret Stoll.
14:36 of 3rd period - Slapshot by Kevin Marshall.
14:36 of 3rd period - Shot Misses the Net.
14:38 of 3rd period - Wrist shot by Brian Lee.
14:38 of 3rd period - Deflect By Brandon Yip.
14:38 of 3rd period - Shot Blocked by Zbynek Michalek.
14:38 of 3rd period - Puck is out of play.
14:39 of 3rd period - Andrew Cogliano wins face-off versus Jarret Stoll in Knights zone.
14:56 of 3rd period - Slapshot by Zbynek Michalek.
14:56 of 3rd period - Deflect By Brian Lee.
14:56 of 3rd period - Stopped by Cory Schneider with a rebound.
15:07 of 3rd period - Off-side.
15:08 of 3rd period - Andrew Cogliano wins face-off versus Benn Ferriero in neutral zone.
15:25 of 3rd period - Snap shot by Troy Brouwer.
15:25 of 3rd period - Goal by Troy Brouwer - Knights : 3 - Sasquatch : 4.
15:26 of 3rd period - Danny Irmen wins face-off versus Andrew Cogliano in neutral zone.
15:29 of 3rd period - Andrew Cogliano is hit by Zbynek Michalek and loses puck.
15:40 of 3rd period - Wrist shot by Vladimir Orszagh.
15:40 of 3rd period - Shot Blocked by Mark Giordano.
15:52 of 3rd period - Zbynek Michalek is hit by Mark Giordano and loses puck.
15:58 of 3rd period - Icing by Jarret Stoll.
15:59 of 3rd period - Andreas Karlsson wins face-off versus Jarret Stoll in Knights zone.
16:24 of 3rd period - Snap shot by Jack Skille.
16:24 of 3rd period - Stopped by Cory Schneider without a rebound.
16:25 of 3rd period - Andrew Cogliano wins face-off versus Danny Irmen in Sasquatch zone.
16:39 of 3rd period - Brian Lee is hit by Vladimir Orszagh and loses puck.
17:04 of 3rd period - Jakub Voracek is hit by Matt Ellison and loses puck.
17:21 of 3rd period - Snap shot by Troy Brouwer.
17:21 of 3rd period - Stopped by Cory Schneider with a rebound.
17:39 of 3rd period - Snap shot by Aaron Voros.
17:39 of 3rd period - Stopped by Michael Leighton without a rebound.
17:40 of 3rd period - Jiri Novotny wins face-off versus Cody Almond in Knights zone.
17:43 of 3rd period - Wrist shot by Jiri Novotny.
17:43 of 3rd period - Stopped by Michael Leighton without a rebound.
17:44 of 3rd period - Jiri Novotny wins face-off versus Cody Almond in Knights zone.
17:49 of 3rd period - Wrist shot by Aaron Voros.
17:49 of 3rd period - Shot Blocked by Nicklas Grossman.
17:58 of 3rd period - Wrist shot by Zbynek Michalek.
17:58 of 3rd period - Shot Hit the Post.
18:23 of 3rd period - Snap shot by Aaron Voros.
18:23 of 3rd period - Stopped by Michael Leighton with a rebound.
18:31 of 3rd period - Snap shot by Aaron Voros.
18:31 of 3rd period - Shot Hit the Post.
19:03 of 3rd period - Backhand shot by Konstantin Pushkarev.
19:03 of 3rd period - Shot Blocked by Nicklas Grossman.
19:15 of 3rd period - Knights, Michael Leighton is pulled from the net.
19:15 of 3rd period - Slapshot by Nicklas Grossman.
19:15 of 3rd period - Stopped by Cory Schneider with a rebound.
19:17 of 3rd period - Slapshot by Nicklas Grossman.
19:17 of 3rd period - Stopped by Cory Schneider with a rebound.
19:19 of 3rd period - Wrist shot by Zbynek Michalek.
19:19 of 3rd period - Shot Blocked by Jiri Novotny.
19:21 of 3rd period - Slapshot by Nicklas Grossman.
19:21 of 3rd period - Stopped by Cory Schneider with a rebound.
19:23 of 3rd period - Slapshot by Zbynek Michalek.
19:23 of 3rd period - Shot Blocked by Clayton Stoner.
19:25 of 3rd period - Slapshot by Zbynek Michalek.
19:25 of 3rd period - Stopped by Cory Schneider with a rebound.
19:27 of 3rd period - Wrist shot by Lauri Korpikoski.
19:27 of 3rd period - Stopped by Cory Schneider with a rebound.
19:29 of 3rd period - Snap shot by Lauri Korpikoski.
19:29 of 3rd period - Stopped by Cory Schneider with a rebound.
19:33 of 3rd period - Snap shot by Jonathan Tremblay.
19:33 of 3rd period - Deflect By Cody Franson.
19:33 of 3rd period - Shot Blocked by Clayton Stoner.
19:33 of 3rd period - Puck is out of play.
19:34 of 3rd period - Paul MacLean call a timeout for Knights.
19:34 of 3rd period - Jarret Stoll wins face-off versus Andrew Cogliano in Sasquatch zone.
19:39 of 3rd period - Slapshot by Troy Brouwer.
19:39 of 3rd period - Deflect By Andrew Cogliano.
19:39 of 3rd period - Shot Misses the Net.
19:39 of 3rd period - Puck is out of play.
19:40 of 3rd period - Jarret Stoll wins face-off versus Andrew Cogliano in Sasquatch zone.
19:41 of 3rd period - Slapshot by Troy Brouwer.
19:41 of 3rd period - Stopped by Cory Schneider with a rebound.
19:51 of 3rd period - Snap shot by Troy Brouwer.
19:51 of 3rd period - Shot Misses the Net.
Output by the SimonT Hockey Simulator (STHS) for François Prévost -- Original Page W3C XHTML 1.0 Valid